 Dungeon Crawl Stone Soup version 0.28-a0-987-g8383568036 (webtiles) character file.

Game seed: 4802152919674009780

41 Essalna the Firebug (level 3, -5/24 HPs)
             Began as a Demonspawn Fire Elementalist on Dec 4, 2021.
             Killed from afar by Robin (6 damage)
             ... with a puff of flame
             ... on level 2 of the Dungeon.
             The game lasted 00:03:54 (1792 turns).

Essalna the Firebug (Demonspawn Fire Elementalist)  Turns: 1792, Time: 00:03:55

Health: -5/24      AC:  5    Str:  8    XL:     3   Next: 32%
Magic:  0/6        EV: 12    Int: 24    God:
Gold:   46         SH:  4    Dex: 13    Spells: 4/7 levels left

rFire   . . .      SeeInvis .   d - +0 short sword
rCold   . . .      Faith    .   (no shield)
rNeg    + . .      Spirit   .   a - +0 robe
rPois   .          Reflect  .   (no helmet)
rElec   .          Harm     .   n - +0 cloak
rCorr   .          Rampage  .   m - +1 pair of gloves
Will    .....                   (no boots)
Stlth   ++........              (no amulet)
HPRegen 0.08/turn               e - ring of positive energy
MPRegen 0.10/turn               g - +6 ring of intelligence

@: no status effects
A: large bone plates 1
a: no special abilities


You were on level 2 of the Dungeon.
You visited 1 branch of the dungeon, and saw 2 of its levels.

You collected 46 gold pieces.

Inventory:

Hand Weapons
 d - a +0 short sword (weapon)
Missiles
 i - a throwing net
Armour
 a - a +0 robe (worn)
 h - a +0 pair of gloves
 m - a +1 pair of gloves (worn)
 n - a +0 cloak (worn)
Jewellery
 e - a ring of positive energy (left hand)
 g - a +6 ring of intelligence (right hand)
Scrolls
 c - 3 scrolls of teleportation {unknown}
 k - 2 scrolls of identify {unknown}
 l - a scroll of enchant armour {unknown}
 o - a scroll of blinking {unknown}
Potions
 b - a potion of might {unknown}
 f - a potion of curing {unknown}
 j - a potion of invisibility {unknown}


   Skills:
 - Level 1.7 Dodging
 - Level 1.7 Stealth
 + Level 2.6 Spellcasting
 + Level 2.0 Conjurations
 + Level 3.2 Fire Magic


You had 4 spell levels left.
You knew the following spells:

 Your Spells              Type           Power      Damage    Failure   Level
a - Foxfire               Conj/Fire      60%        2x1d7     3%          1
b - Scorch                Fire           36%        2d7       4%          2

Your spell library contained the following spells:

 Spells                   Type           Power      Damage    Failure   Level
 Conjure Flame            Conj/Fire      15%        6-21      12%         3
 Inner Flame              Hex/Fire       10%        N/A       17%         3
 Flame Wave               Conj/Fire      15%        2d5       36%         4


Dungeon Overview and Level Annotations

Branches:
Dungeon (2/15)

Altars:

Shops:
D:1 [[(

Annotations:
D:2 Robin, Terence


Innate Abilities, Weirdness & Mutations

You are partially covered in large bone plates. (SH +4)


Message History

The foxfire hits Robin.
Robin is moderately wounded.
The foxfire hits Robin.
Robin is moderately wounded.
You conjure some foxfire!
The foxfire hits Robin!
Robin is severely wounded.
Robin roars a battlecry!
The hobgoblin goes into a battle-frenzy!
The foxfire hits Robin but does no damage.
Robin is severely wounded.
Your magical contamination has completely faded away.
You conjure some foxfire!
The foxfire hits Robin but does no damage.
Robin is severely wounded.
The foxfire hits Robin but does no damage.
Robin is severely wounded.
Robin hits you with a +0 club.
The hobgoblin hits you but does no damage.
Casting: Foxfire (safe; 3% risk of failure)
Confirm with . or Enter, or press ? or * to list all spells.
You conjure some foxfire!
Robin zaps a wand.
The puff of flame hits you!
Ouch! That really hurt!
The hobgoblin hits you but does no damage.
The foxfire hits the hobgoblin.
The hobgoblin is severely wounded.
The foxfire hits the hobgoblin.
You kill the hobgoblin!
Your Conjurations skill increases to level 2!
Casting: Foxfire (safe; 3% risk of failure)
Confirm with . or Enter, or press ? or * to list all spells.
You conjure some foxfire!
Robin zaps a wand.
The puff of flame hits you!
* * * LOW HITPOINT WARNING * * *
Casting: Foxfire (safe; 3% risk of failure)
Confirm with . or Enter, or press ? or * to list all spells.
You don't have enough magic to cast this spell.
The foxfire hits Robin.
Robin is almost dead.
Robin zaps a wand.
The puff of flame hits you.
You die...

.############.# #.##.#
.##.........#.# ### #.##.#
.##.#######.#.# #.. #.##.#
.##.#######.#.# #.# #>####.##.#
.........##.#)# #.# #.........#
###.####.##.#.# #.# ######.###.
#.# #.##.#)## #.# #.# #. #.#
#.##g..†###.##.######.###.
#.####...§§#..@.....#..........
#............########.####.###.
######†####.## #.# #.....
#######.## #.# #.# ######
.........# #.# #.# # #######.##
#.# #.# # ### #.# #.# #
#.#########.# # #...........#


You could see Robin.

Vanquished Creatures
  An adder (D:1)
  5 endoplasms
  3 goblins (D:2)
  3 hobgoblins
  4 jackals (D:1)
  3 quokkas
  2 ball pythons
  3 bats
  2 frilled lizards (D:1)
  A rat (D:2)
27 creatures vanquished.

Vanquished Creatures (others)
  76 foxfires
76 creatures vanquished.

Grand Total: 103 creatures vanquished

Notes
Turn   | Place    | Note
-------+----------+-------------------------------------------
     0 | D:1      | Essalna the Demonspawn Fire Elementalist began the quest
                  | for the Orb.
     0 | D:1      | Reached XP level 1. HP: 13/13 MP: 3/3
    12 | D:1      | Found Buet Onu's Antique Armour Shop.
   407 | D:1      | Gained mutation: You are partially covered in large bone
                  | plates. (SH +4) [demonic ancestry]
   407 | D:1      | Reached XP level 2. HP: 12/19 MP: 1/5
   557 | D:1      | Found Omyp Koy's Antique Weapon Boutique.
   636 | D:1      | Reached skill level 3 in Fire Magic
   909 | D:1      | Found Tegielli's Armour Boutique.
   990 | D:2      | Noticed Terence
  1331 | D:2      | Reached XP level 3. HP: 24/24 MP: 3/6
  1696 | D:2      | Noticed Robin
  1716 | D:2      | Learned a level 2 spell: Scorch
  1789 | D:2      | HP: 1/24 [Robin/puff of flame (7)]
  1792 | D:2      | Killed from afar by Robin

Illustrated notes

Levels and vault maps discovered:
D:1:      dpeg_arrival_rhombus, layout_basic, serial_shops,
          nicolae_shop_waterfront, nicolae_shop_stone, shop
D:2:      layout_loops_ring, uniq_terence, uniq_robin, uniq_sigmund

Skill      XL: |  1  2  3 |
---------------+----------+-----
Fire Magic     | 3 |  3.2
Conjurations   | 2 |  2.0
Dodging        | |  1.7
Stealth        | |  1.7
Spellcasting   | |  2.6

Action                   || total
-------------------------++-------
Melee: Short sword       ||    23
 Cast: Foxfire           ||    54
Armor: Robe              ||     8
Dodge: Dodged            ||    32
Block: Other             ||     4

Table legend: (Time is in decaauts)
 A = Elapsed time spent in this place.
 B = Non-inter-level travel time spent in this place.
 C = Inter-level travel time spent in this place.
 D = Time resting spent in this place.
 E = Time spent auto-exploring this place.
 F = Levels seen in this place.
 G = Mean time per level.
                   A        B        C        D        E       F      G
               +--------+--------+--------+--------+--------+-----+--------+
         Total |   1795 |   1687 |    108 |      0 |   1357 |   2 |  897.5 |
       Dungeon |   1795 |   1687 |    108 |      0 |   1357 |   2 |  897.5 |
               +--------+--------+--------+--------+--------+-----+--------+

Top non-repeatable levels by time:
     D:1: 1060 daAuts
     D:2: 734 daAuts
